AoeStats
← CazadorGT

Arena

509132125Analyzed
2v2 RM · 7d ago on Sep 25, 2026· 42m 36s· 4 players
Game mode
Random Map
Map size
Medium (4 player)
Population
200
Speed
Normal
Resources
Standard
Victory
Conquest
Starting age
Dark Age
Ending age
Imperial Age
RankedLock teamsTeams togetherTeam positionsShared explorationLock speedFull tech treeHidden civsTurbo modeCheats
Victory
Defeat
🇪🇸 Bulgarians · Spain
1144
+18
🇫🇷 Hindustanis · France
1111
+19
🇺🇸 Magyars · United States
1200
-19
🇬🇹 Gurjaras · Guatemala
1159
-18
KnaidelCobra4
10:26 Feudal Age
14:03 Castle Age
12:43 Double-Bit Axe
12:57 Gold Mining
15:07 Bow Saw
14:40 Horse Collar
16:01 Loom
21:07 Horse Collar
22:36 Heavy Plow
23:15 Wheelbarrow
25:37 Gold Shaft Mining
27:07 Hand Cart
26:57 Loom
26:59 Town Watch
27:41 Stone Mining
30:29 Imperial Age
28:12 Scale Mail Armor
28:43 Forging
28:04 Pikeman
28:45 Squires
29:08 Chain Mail Armor
30:32 Stone Shaft Mining
31:22 Iron Casting
32:01 Plate Mail Armor
30:53 Halberdier
32:20 Crop Rotation
32:51 Blast Furnace
32:23 Arson
33:39 Conscription
33:40 Padded Archer Armor
33:36 Elite Konnik
34:45 Leather Archer Armor
34:55 Ballistics
34:47 Fletching
35:19 Thumb Ring
34:43 Elite Skirmisher
36:18 Scale Barding Armor
36:18 Stirrups
37:37 Chemistry
36:38 Bodkin Arrow
37:02 Masonry
37:56 Chain Barding Armor
39:47 Architecture
40:28 Plate Barding Armor
40:15 Bracer
41:33 Chemistry
Juan
5:06 Loom
10:39 Feudal Age
12:06 Double-Bit Axe
15:36 Castle Age
16:18 Stone Mining
27:05 Wheelbarrow
32:23 Imperial Age
31:14 Bloodlines
31:05 Husbandry
31:19 Forging
31:15 Scale Barding Armor
31:53 Bow Saw
31:18 Light Cavalry
32:50 Chain Barding Armor
32:31 Heavy Camel Rider
34:15 Iron Casting
34:07 Hand Cart
34:23 Grand Trunk Road
35:40 Blast Furnace
36:14 Imperial Camel Rider
37:15 Horse Collar
39:58 Chemistry
39:59 Plate Barding Armor
41:20 Heavy Plow
42:19 Ballistics
42:01 Scale Mail Armor
41:52 Fletching
fingerless7597
10:42 Feudal Age
14:43 Castle Age
12:43 Double-Bit Axe
12:40 Horse Collar
16:16 Wheelbarrow
16:12 Bow Saw
16:39 Heavy Plow
18:07 Loom
21:48 Hand Cart
21:46 Town Watch
22:59 Gold Mining
23:01 Stone Mining
25:15 Gold Shaft Mining
26:31 Thumb Ring
26:50 Fletching
27:00 Padded Archer Armor
27:13 Bloodlines
27:03 Husbandry
27:59 Husbandry
28:04 Corvinian Army
31:55 Imperial Age
30:09 Bodkin Arrow
30:29 Leather Archer Armor
29:59 Treadmill Crane
30:44 Scale Barding Armor
31:15 Ballistics
33:00 Chain Barding Armor
33:25 Conscription
33:15 Bracer
33:45 Ring Archer Armor
34:43 Ring Archer Armor
34:49 Plate Barding Armor
35:00 Parthian Tactics
34:12 Elite Magyar Huszar
36:56 Chemistry
36:26 Recurve Bow
35:49 Heavy Cavalry Archer
37:41 Murder Holes
42:58 Two-Man Saw
42:29 Crop Rotation
CazadorGT
11:53 Feudal Age
15:42 Castle Age
14:18 Double-Bit Axe
14:14 Horse Collar
15:00 Forging
15:43 Gold Mining
17:21 Loom
17:57 Loom
20:41 Iron Casting
21:50 Wheelbarrow
22:23 Town Watch
23:14 Bow Saw
27:46 Imperial Age
26:00 Gold Shaft Mining
25:42 Stone Mining
25:57 Fletching
27:45 Bodkin Arrow
28:24 Scale Mail Armor
30:35 Redemption
34:39 Fervor
36:22 Heavy Camel Rider
37:38 Scale Barding Armor
38:13 Bloodlines
Connection lost

Rejoining the realm…

Still unreachable

The connection could not be restored.

Session expired

The server has moved on; the page needs a fresh start.